 Dungeon Crawl Stone Soup version 0.31-a0-1549-g5ff9445e89 (webtiles) character file.

Game seed: 13360589605599270253

720 AlmostDecent the Chiller (level 7, -3/51 HPs)
             Began as a Gnoll Ice Elementalist on Jan 3, 2024.
             Slain by Duvessa
             ... wielding a +4 short sword of protection
              (12 damage)
             ... on level 4 of the Dungeon.
             The game lasted 00:12:02 (3170 turns).

AlmostDecent the Chiller (Gnoll Ice Elementalist)   Turns: 3170, Time: 00:12:03

Health: -3/51      AC:  4    Str:  7    XL:     7   Next: 70%
Magic:  8/15       EV: 14    Int: 16    God:
Gold:   143        SH:  0    Dex: 13    Spells: 7/17 levels left

rFire   . . .        r - +3 quarterstaff (chaos)
rCold   . . .        (shield currently unavailable)
rNeg    . . .        a - +0 robe
rPois   .            (no helmet)
rElec   .            s - +0 cloak
rCorr   .            u - +0 pair of gloves
SInv    .            (no boots)
Will    .....        (no amulet)
Stlth   +++          (no ring)
HPRegen 0.28/turn    (no ring)
MPRegen 0.14/turn

%: no passive effects
@: freezing walls
A: fangs 1, strong nose, distributed training
a: no special abilities


You were on level 4 of the Dungeon.
You visited 1 branch of the dungeon, and saw 4 of its levels.

You collected 143 gold pieces.

Inventory:

Hand Weapons
 e - a +2 falchion of flaming
 m - a +0 short sword of venom
 r - a +3 quarterstaff of chaos (weapon)
Missiles
 t - a throwing net
Armour
 a - a +0 robe (worn)
 j - a +0 pair of gloves
 s - a +0 cloak (worn)
 u - a +0 pair of gloves (worn)
Jewellery
 i - a ring of ice
Scrolls
 c - a scroll of enchant armour {unknown}
 f - 2 scrolls of identify {unknown}
 g - 2 scrolls of blinking {unknown}
 h - a scroll of fog {unknown}
 k - 3 scrolls of noise {unknown}
 o - a scroll of poison {unknown}
 p - a scroll of vulnerability {unknown}
 q - a scroll of enchant weapon {unknown}
 v - 2 scrolls of amnesia {unknown}
 x - a scroll of teleportation {unknown}
Potions
 b - 2 potions of magic
 d - 3 potions of might {unknown}
 l - a potion of heal wounds {unknown}
 n - a potion of lignification {unknown}
 w - a potion of berserk rage {unknown}


   Skills:
 + Level 2.7 Fighting
 + Level 2.7 Short Blades
 + Level 2.7 Long Blades
 + Level 2.7 Axes
 + Level 2.7 Maces & Flails
 + Level 2.7 Polearms
 + Level 2.7 Staves
 + Level 2.7 Ranged Weapons
 + Level 2.7 Throwing
 + Level 2.7 Armour
 + Level 5.4 Dodging
 + Level 5.0 Stealth
 + Level 2.7 Shields
 + Level 2.7 Unarmed Combat
 + Level 5.7 Spellcasting
 + Level 2.2 Conjurations
 + Level 2.2 Hexes
 + Level 2.2 Summonings
 + Level 2.2 Necromancy
 + Level 2.2 Translocations
 + Level 2.2 Fire Magic
 + Level 7.5 Ice Magic
 + Level 2.2 Air Magic
 + Level 2.2 Earth Magic
 + Level 2.2 Alchemy
 + Level 3.0 Invocations
 + Level 2.7 Evocations
 + Level 2.5 Shapeshifting


You had 7 spell levels left.
You knew the following spells:

 Your Spells              Type           Power      Damage    Failure   Level
a - Freeze                Ice            100%       1d10      1%          1
b - Frozen Ramparts       Ice            56%        1d9       1%          3
c - Ozocubu's Armour      Ice            28%        N/A       1%          3
d - Summon Ice Beast      Ice/Summ       20%        N/A       5%          3

Your spell library contained the following spells:

 Spells                   Type           Power      Damage    Failure   Level
 Kiss of Death            Conj/Necr      44%        2d8       5%          1
 Confusing Touch          Hex            11%        N/A       17%         3
 Dispel Undead            Necr           11%        3d9       50%         4


Dungeon Overview and Level Annotations

Branches:
Dungeon (4/15)
 Temple: D:4-7

Altars:
Ashenzari
Cheibriados
Gozag
Ru
The Shining One

Shops:
D:4 [

Annotations:
D:4 Duvessa


Innate Abilities, Weirdness & Mutations

You have very sharp teeth.
Your uncanny sense of smell can sniff out nearby items.
Your experience applies equally to all skills.


Message History

Duvessa closely misses you.
You hit Duvessa but do no damage.
Duvessa seems to speed up.
Duvessa is heavily wounded.
You feel sick.
The wall freezes Duvessa but does no damage.
Duvessa hits you with a +4 short sword of protection!
The wall freezes Duvessa!
Duvessa hits you with a +4 short sword of protection!
* * * LOW HITPOINT WARNING * * *
You are too injured to fight recklessly!
You are too injured to fight recklessly!
Casting: Frozen Ramparts (safe; 1% risk of failure)
Confirm with . or Enter, or press ? or * to list all spells.
Aiming: Freeze (safe; 1% risk of failure)
Press: ? - help, Shift-Dir - straight line, f - Duvessa
Aim: Duvessa, wielding a +4 short sword of protection and wearing a +0 leather armour (severely wounded, berserk, fast, very poisoned)
You freeze Duvessa!
Duvessa is severely wounded.
The frozen ramparts melt away.
You feel sick.
You are no longer poisoned.
Duvessa barely misses you.
Casting: Freeze (safe; 1% risk of failure)
Confirm with . or Enter, or press ? or * to list all spells.
Casting: Frozen Ramparts (safe; 1% risk of failure)
Press: ? - help, Dir - look around, f - activate The walls around you are covered in ice.
The wall freezes Duvessa but does no damage.
Duvessa closely misses you.
The wall freezes Duvessa but does no damage.
Duvessa barely misses you.
Casting: Frozen Ramparts (safe; 1% risk of failure)
Confirm with . or Enter, or press ? or * to list all spells.
Aiming: Freeze (safe; 1% risk of failure)
Press: ? - help, Shift-Dir - straight line, f - Duvessa
Aim: Duvessa, wielding a +4 short sword of protection and wearing a +0 leather armour (almost dead, berserk, fast, poisoned)
You freeze Duvessa.
Duvessa is almost dead.
The wall freezes Duvessa but does no damage.
Duvessa hits you with a +4 short sword of protection!
You die...

#.....#.#
##.......##
#.#######.#
#+###.#.....#.##
#.....#.>.∩.#..##
###...#.....#...
###.#######.#
#........####.#
##.......@e...#
####.##.######
#..#.# ##...#
#..# #...# ##..#
..>#


You could see Duvessa (berserk, fast, poisoned).

Vanquished Creatures
  Grinder (D:3)
  Sigmund (D:3)
  A bullfrog (D:4)
  A scorpion (D:4)
  Dowan (D:4)
  2 hounds (D:4)
  Crazy Yiuf (D:3)
  Terence (D:2)
  An adder (D:4)
  3 dart slugs
  4 ribbon worms
  5 endoplasms
  2 giant cockroaches (D:1)
  7 goblins
  7 hobgoblins
  4 jackals (D:1)
  7 kobolds
  2 quokkas
  5 ball pythons
  6 bats
  3 frilled lizards
  9 rats
74 creatures vanquished.

Notes
Turn   | Place    | Note
-------+----------+-------------------------------------------
     0 | D:1      | AlmostDecent the Gnoll Ice Elementalist began the quest for
                  | the Orb.
     0 | D:1      | Reached XP level 1. HP: 13/13 MP: 6/6
    99 | D:1      | Reached XP level 2. HP: 19/19 MP: 5/7
   451 | D:1      | Reached skill level 5 in Spellcasting
   451 | D:1      | Reached XP level 3. HP: 23/25 MP: 2/9
   670 | D:1      | Reached skill level 1 in Invocations
   678 | D:1      | Learned a level 3 spell: Frozen Ramparts
   682 | D:1      | Learned a level 3 spell: Ozocubu's Armour
   686 | D:1      | Learned a level 3 spell: Summon Ice Beast
  1182 | D:2      | Reached skill level 1 in Fighting
  1182 | D:2      | Reached skill level 1 in Short Blades
  1182 | D:2      | Reached skill level 1 in Long Blades
  1182 | D:2      | Reached skill level 1 in Axes
  1182 | D:2      | Reached skill level 1 in Maces & Flails
  1182 | D:2      | Reached skill level 1 in Polearms
  1182 | D:2      | Reached skill level 1 in Staves
  1182 | D:2      | Reached skill level 1 in Ranged Weapons
  1182 | D:2      | Reached skill level 1 in Throwing
  1182 | D:2      | Reached skill level 1 in Armour
  1182 | D:2      | Reached skill level 1 in Shields
  1182 | D:2      | Reached skill level 1 in Unarmed Combat
  1182 | D:2      | Reached skill level 1 in Evocations
  1519 | D:2      | Found a faded altar of an unknown god.
  1642 | D:2      | Noticed Terence
  1649 | D:2      | Killed Terence
  1650 | D:2      | Reached skill level 1 in Conjurations
  1650 | D:2      | Reached skill level 1 in Hexes
  1650 | D:2      | Reached skill level 1 in Summonings
  1650 | D:2      | Reached skill level 1 in Necromancy
  1650 | D:2      | Reached skill level 1 in Translocations
  1650 | D:2      | Reached skill level 1 in Fire Magic
  1650 | D:2      | Reached skill level 1 in Air Magic
  1650 | D:2      | Reached skill level 1 in Earth Magic
  1650 | D:2      | Reached skill level 1 in Alchemy
  1650 | D:2      | Reached skill level 1 in Shapeshifting
  1650 | D:2      | Reached XP level 4. HP: 32/32 MP: 3/11
  1761 | D:3      | Noticed Grinder
  1776 | D:3      | Paralysed by Grinder for 2 turns
  1781 | D:3      | Killed Grinder
  1782 | D:3      | Reached skill level 5 in Dodging
  1782 | D:3      | Reached XP level 5. HP: 13/38 MP: 5/12
  1782 | D:3      | Reached XP level 6. HP: 15/44 MP: 5/14
  2292 | D:3      | Found a runed translucent door.
  2293 | D:3      | Noticed Crazy Yiuf
  2301 | D:3      | Killed Crazy Yiuf
  2510 | D:3      | Noticed Sigmund
  2517 | D:3      | Killed Sigmund
  2518 | D:3      | Reached XP level 7. HP: 51/51 MP: 10/15
  2693 | D:3      | Found a glowing golden altar of the Shining One.
  2696 | D:3      | Found an opulent altar of Gozag.
  2698 | D:3      | Found a broken altar of Ashenzari.
  2782 | D:3      | Found a sacrificial altar of Ru.
  2784 | D:3      | Found a snail-covered altar of Cheibriados.
  2969 | D:4      | Reached skill level 5 in Stealth
  3145 | D:4      | Found Quech's Armour Boutique.
  3154 | D:4      | Noticed Dowan
  3155 | D:4      | Noticed Duvessa
  3162 | D:4      | Killed Dowan
  3170 | D:4      | Slain by Duvessa

Illustrated notes

Levels and vault maps discovered:
D:1:      dpeg_arrival_refuge, layout_rooms, corner_web_ring
D:2:      layout_basic, hellmonk_ecumenical_altar_inner_sanctum, uniq_terence
D:3:      layout_loops_ring, nicolae_overflow_hidden_temple,
          kennysheep_generic_room_10, uniq_crazy_yiuf_cottage, uniq_grinder,
          uniq_sigmund
D:4:      layout_basic, nicolae_take_the_stairs, minmay_curled_crystal,
          uniq_duvessa

Skill      XL: |  1  2  3  4  5  6  7 |
---------------+----------------------+-----
Spellcasting   | 5 |  5.7
Invocations    | 1 2 3 |  3.0
Fighting       | 1 2 |  2.7
Short Blades   | 1 2 |  2.7
Long Blades    | 1 2 |  2.7
Axes           | 1 2 |  2.7
Maces & Flails | 1 2 |  2.7
Polearms       | 1 2 |  2.7
Staves         | 1 2 |  2.7
Ranged Weapons | 1 2 |  2.7
Throwing       | 1 2 |  2.7
Armour         | 1 2 |  2.7
Shields        | 1 2 |  2.7
Unarmed Combat | 1 2 |  2.7
Evocations     | 1 2 |  2.7
Conjurations   | 1 2 |  2.2
Hexes          | 1 2 |  2.2
Summonings     | 1 2 |  2.2
Necromancy     | 1 2 |  2.2
Translocations | 1 2 |  2.2
Fire Magic     | 1 2 |  2.2
Air Magic      | 1 2 |  2.2
Earth Magic    | 1 2 |  2.2
Alchemy        | 1 2 |  2.2
Shapeshifting  | 1 2 |  2.5
Dodging        | 5 |  5.4
Stealth        | 5 |  5.0
Ice Magic      | |  7.5

Action                     |  1- 3 |  4- 6 |  7- 9 || total
---------------------------+-------+-------+-------++-------
  Melee: Unarmed           |     1 |       |       ||     1
         Short sword       |    19 |    14 |       ||    33
         Bite              |     1 |     3 |     5 ||     9
         Quarterstaff      |       |     4 |    37 ||    41
   Cast: Freeze            |    63 |    18 |     7 ||    88
         Frozen Ramparts   |     1 |     5 |     5 ||    11
 Armour: Robe              |    35 |    14 |    22 ||    71
  Dodge: Dodged            |    44 |    21 |    41 ||   106

Table legend: (Time is in decaauts)
 A = Elapsed time spent in this place.
 B = Non-inter-level travel time spent in this place.
 C = Inter-level travel time spent in this place.
 D = Time resting spent in this place.
 E = Time spent auto-exploring this place.
 F = Levels seen in this place.
 G = Mean time per level.
                   A        B        C        D        E       F      G
               +--------+--------+--------+--------+--------+-----+--------+
         Total |   3179 |   3075 |    104 |      0 |   2511 |   4 |  794.8 |
       Dungeon |   3179 |   3075 |    104 |      0 |   2511 |   4 |  794.8 |
               +--------+--------+--------+--------+--------+-----+--------+

Top non-repeatable levels by time:
     D:3: 1085 daAuts
     D:2: 878 daAuts
     D:1: 875 daAuts
     D:4: 339 daAuts
